 Dungeon Crawl Stone Soup version 0.31-a0-325-g067879e3d3 (webtiles) character file.

Game seed: 6018579793778158120

80 AIAndy the Changeling (level 4, -5/29 HPs)
             Began as an Octopode Shapeshifter on July 18, 2023.
             Slain by Grinder (9 damage)
             ... on level 3 of the Dungeon.
             The game lasted 00:04:17 (1810 turns).

AIAndy the Changeling (Octopode Shapeshifter)       Turns: 1810, Time: 00:04:17

Health: -5/29      AC:  1    Str: 16    XL:     4   Next: 39%
Magic:  4/4        EV: 13    Int: 16    God:
Gold:   139        SH:  0    Dex: 12    Spells: 3/3 levels left

rFire   . .          .
                       - Unarmed
rCold   . . .        (no shield)
rNeg    . . .        (helmet currently unavailable)
rPois   .            (no amulet)
rElec   .            I - +6 ring of intelligence
rCorr   .            n - ring of willpower
SInv    .            (no ring)
Will    +....        (no ring)
Stlth   ++           (no ring)
HPRegen 0.24/turn    (no ring)
MPRegen 0.09/turn    (no ring)
                     (no ring)

%: no passive effects
@: beast-form
A: beast (slay +2), almost no armour, amphibious, 8 rings, camouflage 1,
gelatinous body 1, (nimble swimmer 1), tentacles
a: Begin Untransformation


You were on level 3 of the Dungeon.
You were a hulking beast.
You visited 1 branch of the dungeon, and saw 3 of its levels.

You collected 139 gold pieces.


Innate Abilities, Weirdness & Mutations

You are a hulking beast.
Your limbs bulge with bestial killing power. (Slay +2)
You cannot wear most types of armour.
You are amphibious.
You can wear up to eight rings at the same time.
Your skin changes colour to match your surroundings (Stealth+).
Your rubbery body absorbs attacks. (AC +1, EV +1)
((You are camouflaged when in or above water. (Stealth+)))
You have tentacles for arms and can constrict up to eight enemies at once.


   Skills:
 - Level 2.0 Fighting
 - Level 2.0 Dodging
 + Level 3.4 Unarmed Combat
 + Level 3.8 Shapeshifting


You had 3 spell levels left.
You didn't know any spells.
Your spell library contained the following spells:

 Spells                   Type           Power      Damage    Failure   Level
 Call Canine Familiar     Summ           0%         N/A       58%         3
 Portal Projectile        Hex/Tloc       0%         N/A       58%         3
 Leda's Liquefaction      Hex/Erth       0%         N/A       94%         4

Inventory:

Hand Weapons
 l - a +1 heavy sling
Jewellery
 n - a ring of willpower (right tentacle)
 H - an amulet of faith {!P}
 I - a +6 ring of intelligence (left tentacle)
Talismans
 b - a beast talisman
Scrolls
 c - 4 scrolls of poison {unknown}
 f - 4 scrolls of teleportation {unknown}
 g - a scroll of fear {unknown}
 j - a scroll of revelation {unknown}
 k - a scroll of amnesia {unknown}
 m - a scroll of summoning {unknown}
 o - a scroll of identify {unknown}
 q - a scroll of immolation {unknown}
Potions
 a - a potion of lignification {!q}
 e - 4 potions of curing {unknown}
 h - 2 potions of heal wounds {unknown}
 i - a potion of resistance {unknown}
 p - a potion of attraction {unknown}

Dungeon Overview and Level Annotations

Branches:
Dungeon (3/15)

Altars:
Okawaru

Annotations:
D:3 Grinder

▓.8⚑8. ▓..8..▓ ▓≈≈.≈≈▓
▓g≈.≈g▓ #### ▓≈≈.≈≈▓ ..#
#.....# #<#
#.....#####.#######
.##.....((....†....?####
......5h########........
...$....# ######...###
..$#...## #...#.....##
#. ##.# #.#........# #.
#...#.....## #.
##.###...## . #.# ##.##
# #.# ### #.#


You could see Grinder and 2 goblins.


Message History

You grab the rat. You squeeze the rat.
You kill the rat!
A goblin comes into view. It is wielding a +0 spear.
Found 16 gold pieces.
You see here a poisoned dart.
A goblin comes into view. It is wielding a +0 spear.
Found an iron altar of Okawaru.
Grinder gestures at you. Pain shoots through your body!
You see here 2 poisoned darts.
Grinder hits you!
* * * LOW HITPOINT WARNING * * *
You writhe in agony.
* * * LOW HITPOINT WARNING * * *
The goblin shouts! x2
You tentacle-slap Grinder. You grab Grinder.
Grinder is moderately wounded.
You constrict Grinder. Grinder gestures at you. You resist with some effort.
You tentacle-slap Grinder but do no damage.
Grinder is moderately wounded.
You constrict Grinder. Grinder hits you.
* * * LOW HITPOINT WARNING * * *
You writhe in agony.
* * * LOW HITPOINT WARNING * * *
You tentacle-slap Grinder.
Grinder is heavily wounded.
You constrict Grinder. Grinder hits you!
You die...

Skill      XL: |  1  2  3 |
---------------+----------+-----
Unarmed Combat | 3 |  3.4
Fighting       | |  2.0
Dodging        | |  2.0
Shapeshifting  | |  3.8

Action                     |  1- 3 |  4- 6 || total
---------------------------+-------+-------++-------
  Melee: Unarmed           |    74 |    24 ||    98
         Constrict         |    25 |     8 ||    33
         Tentacles         |     9 |     4 ||    13
         Punch             |     2 |     2 ||     4
   Fire: Sling             |     2 |     2 ||     4
  Throw: Dart              |       |     3 ||     3
   Stab: Sleeping          |     5 |     3 ||     8
 Armour: Skin              |     4 |       ||     4
  Dodge: Dodged            |    45 |    10 ||    55

Levels and vault maps discovered:
D:1:      lemuel_arrival_lava_pool, layout_basic,
          shapermc_ecumenical_altar_acropolis, minmay_bisected
D:2:      layout_basic
D:3:      layout_loops_ring, kennysheep_okawaru_gauntlet,
          general_overflow_altar, hellmonk_no_cap, uniq_sigmund, uniq_grinder

Notes
Turn   | Place    | Note
-------+----------+-------------------------------------------
     0 | D:1      | AIAndy the Octopode Shapeshifter began the quest for the
                  | Orb.
     0 | D:1      | Reached XP level 1. HP: 14/14 MP: 1/1
   139 | D:1      | Reached XP level 2. HP: 19/19 MP: 2/2
   331 | D:1      | Reached XP level 3. HP: 7/24 MP: 3/3
   531 | D:1      | Found a faded altar of an unknown god.
   723 | D:1      | Reached skill level 3 in Unarmed Combat
  1108 | D:2      | Reached XP level 4. HP: 29/29 MP: 4/4
  1784 | D:3      | Noticed Grinder
  1784 | D:3      | Paralysed by Grinder for 2 turns
  1806 | D:3      | Found an iron altar of Okawaru.
  1810 | D:3      | Slain by Grinder

Vanquished Creatures
  2 adders (D:2)
  5 dart slugs
  4 ball pythons
  2 endoplasms
  A giant cockroach (D:1)
  4 goblins
  7 hobgoblins
  2 jackals (D:1)
  2 kobolds (D:1)
  2 quokkas (D:1)
  6 bats
  2 frilled lizards
  11 rats
50 creatures vanquished.

Table legend: (Time is in decaauts)
 A = Elapsed time spent in this place.
 B = Non-inter-level travel time spent in this place.
 C = Inter-level travel time spent in this place.
 D = Time resting spent in this place.
 E = Time spent auto-exploring this place.
 F = Levels seen in this place.
 G = Mean time per level.
                   A        B        C        D        E       F      G
               +--------+--------+--------+--------+--------+-----+--------+
         Total |   1806 |   1764 |     42 |      0 |   1405 |   3 |  602.0 |
       Dungeon |   1806 |   1764 |     42 |      0 |   1405 |   3 |  602.0 |
               +--------+--------+--------+--------+--------+-----+--------+

Top non-repeatable levels by time:
     D:2: 879 daAuts
     D:1: 802 daAuts
     D:3: 125 daAuts

Table legend:
 A = Non-vault XP
 B = Vault XP
 C = Vault XP percentage of total XP
 D = Non-vault monster count
 E = Vault monster count
 F = Vault count percentage of total count
                 A         B        C        D         E       F
            +---------+---------+-------+---------+---------+-------
      Total |     111 |       4 |   3.5 |      47 |       3 |   6.0
            +---------+---------+-------+---------+---------+-------
        D:1 |      56 |       4 |   6.7 |      30 |       3 |   9.1
        D:2 |      45 |       0 |   0.0 |      12 |       0 |   0.0
        D:3 |      10 |       0 |   0.0 |       5 |       0 |   0.0
            +---------+---------+-------+---------+---------+-------
